 Dungeon Crawl Stone Soup version 0.22-a0-265-g0d8bc90 (webtiles) character file.

18 tidbits the Insei (level 2, 19/23 HPs)
             Began as a Gnoll Transmuter on Mar 6, 2018.
             Quit the game on level 1 of the Dungeon.
             The game lasted 00:02:13 (375 turns).

tidbits the Insei (Gnoll Transmuter)                 Turns: 375, Time: 00:02:14

Health: 19/23      AC:  2    Str: 12    XL:     2   Next: 66%
Magic:  7/7        EV: 14    Int: 15    God:
Gold:   5          SH:  0    Dex: 15    Spells: 7/10 levels left

rFire    . . .     SeeInvis .     - Unarmed
rCold    . . .     Gourm    .   (no shield)
rNeg     . . .     Faith    .   b - +0 robe
rPois    .         Spirit   .   (no helmet)
rElec    .         Reflect  .   (no cloak)
rCorr    .         Harm     .   (no gloves)
MR       .....                  (no boots)
Stlth    ++........             (no amulet)
HPRegen  0.07/turn              (no ring)
MPRegen  0.10/turn              (no ring)

@: appendage (expiring)
A: distributed training, fangs 1, horns 2, strong nose
a: End Transformation


You were on level 1 of the Dungeon.
You were full.
You had grown temporary horns.
You visited 1 branch of the dungeon, and saw 1 of its levels.

You collected 5 gold pieces.

Inventory:

Hand Weapons
 c - a +0 short sword
Missiles
 a - 12 arrows
 j - 22 sling bullets
Armour
 b - a +0 robe (worn)
Scrolls
 f - a scroll of noise {unknown}
 h - a scroll of enchant armour {unknown}
 i - 2 scrolls of remove curse {unknown}
 k - a scroll of random uselessness {unknown}
 l - a scroll of amnesia {unknown}
Potions
 e - a potion of berserk rage {unknown}
 g - a potion of flight {unknown}
Comestibles
 d - 2 rations


   Skills:
 + Level 2.5 Fighting
 + Level 0.5 Short Blades
 + Level 0.5 Long Blades
 + Level 0.5 Axes
 + Level 0.5 Maces & Flails
 + Level 0.5 Polearms
 + Level 0.5 Staves
 + Level 0.5 Slings
 + Level 0.5 Bows
 + Level 0.5 Crossbows
 + Level 0.5 Throwing
 + Level 0.5 Armour
 + Level 4.5 Dodging
 + Level 0.5 Stealth
 + Level 0.5 Shields
 + Level 6.5 Unarmed Combat
 + Level 4.9 Spellcasting
 + Level 0.3 Conjurations
 + Level 0.3 Hexes
 + Level 0.3 Charms
 + Level 0.3 Summonings
 + Level 0.3 Necromancy
 + Level 0.3 Translocations
 + Level 3.7 Transmutations
 + Level 0.3 Fire Magic
 + Level 0.3 Ice Magic
 + Level 0.3 Air Magic
 + Level 0.3 Earth Magic
 + Level 0.3 Poison Magic
 + Level 0.6 Invocations
 + Level 0.5 Evocations


You had 7 spell levels left.
You knew the following spells:

 Your Spells              Type           Power        Failure   Level  Hunger
e - Beastly Appendage     Tmut           ##....       3%          1    None
k - Sticks to Snakes      Tmut           ##......     5%          2    ##.....


Dungeon Overview and Level Annotations

Branches:
Dungeon (1/15)

Altars:


Innate Abilities, Weirdness & Mutations

Your experience applies equally to all skills.
You have very sharp teeth.
Your uncanny sense of smell can sniff out nearby items.
You have a pair of horns on your head.


Message History

Your horns disappear.
A bat comes into view.
The bat completely misses you.
Casting: Beastly Appendage (safe; 3% risk of failure)
Confirm with . or Enter, or press ? or * to list all spells.
You grow a pair of large bovine horns.
The bat hits you but does no damage. The bat closely misses you.
The bat barely misses you. x2
You see here a scroll labeled GUYX VOUC ITH.
You hit the bat. You bite the bat, but do no damage.
The bat is moderately wounded.
The bat hits you but does no damage.
You closely miss the bat. Your headbutt misses the bat.
The bat is moderately wounded.
The bat barely misses you. The bat completely misses you.
k - a scroll labeled GUYX VOUC ITH The bat closely misses you.
The bat barely misses you.
You barely miss the bat. The bat misses you.
The bat hits you but does no damage.
You hit the bat.
You kill the bat!
A dart slug comes into view.
Found a scroll labeled XUVOBL BA POUB.
You hit the dart slug.
You bite the dart slug, but do no damage.
The dart slug is severely wounded.
The dart slug launches a dart at you. The slug dart hits you!
You hit the dart slug but do no damage.
The dart slug is severely wounded.
You hit the dart slug but do no damage.
The dart slug is severely wounded.
Your transformation is almost over.
The dart slug barely misses you.
You hit the dart slug.
You kill the dart slug!
You see here a scroll labeled XUVOBL BA POUB.
l - a scroll labeled XUVOBL BA POUB
Found a ration.
You see here a ration.
You eat the ration.
That ration really hit the spot!
Your horns disappear.
Found a scroll labeled MITHUEM TOTWOCITAW.
A kobold comes into view.
Casting: Beastly Appendage (safe; 3% risk of failure)
Confirm with . or Enter, or press ? or * to list all spells.
You grow a pair of large bovine horns.
A kobold comes into view.
The kobold shouts!
The kobold throws a stone.
The stone misses you.
Unknown command.
You hit the kobold.
The kobold is moderately wounded.
The kobold throws a stone.
The stone barely misses you. The kobold hits you.
You closely miss the kobold.
The kobold is moderately wounded.
The kobold throws a stone.
The stone closely misses you. The kobold barely misses you.
You closely miss the kobold. You bite the kobold, but do no damage.
The kobold is moderately wounded.
The kobold barely misses you.
You barely miss the kobold. You headbutt the kobold.
The kobold is severely wounded.
The kobold completely misses you. The kobold barely misses you.
You hit the kobold.
You kill the kobold!
The kobold closely misses you.
You closely miss the kobold. You bite the kobold, but do no damage.
The kobold is moderately wounded.
You hit the kobold.
You kill the kobold!
You see here a scroll labeled MITHUEM TOTWOCITAW.
i - 2 scrolls labeled MITHUEM TOTWOCITAW (gained 1)
Your transformation is almost over.
A goblin comes into view.
The goblin shouts!
You punch the goblin!
You kill the goblin!
Your horns disappear.
The bat closely misses you. The bat misses you. The bat completely misses you.
You hit the bat.
The bat is severely wounded.
The bat hits you. The bat hits you but does no damage.
You miss the bat.
The bat is severely wounded.
The bat barely misses you.
Casting: Beastly Appendage (safe; 3% risk of failure)
Confirm with . or Enter, or press ? or * to list all spells.
You grow a pair of large bovine horns.
The bat completely misses you. The bat barely misses you.
You hit the bat.
You kill the bat!
You see here a bat corpse.
A rat comes into view.
The rat closely misses you.
You hit the rat.
You kill the rat!
Your transformation is almost over.
Are you sure you want to abandon this character and quit the game? (Confirm with "yes".)

#.# #.# #.# #.#
#.# #.##### #.#
#.....# #.#
#####.# #.# #.# #
#.# #.# #[######
#.####### #.##.###
#.#....# #@......#
#.##.... #......#
###########.######
#....# #.......##
#....+ ###......(
#..<.# #.........
#....# #########.
##.#### #. #..# #†
###.## ∆ #.


There were no monsters in sight!

Vanquished Creatures
  A dart slug (D:1)
  A leopard gecko (D:1)
  4 bats (D:1)
  2 goblins (D:1)
  A hobgoblin (D:1)
  2 kobolds (D:1)
  4 rats (D:1)
15 creatures vanquished.

Notes
Turn   | Place    | Note
-------+----------+-------------------------------------------
     0 | D:1      | tidbits the Gnoll Transmuter began the quest for the Orb.
     0 | D:1      | Reached XP level 1. HP: 17/17 MP: 6/6
   174 | D:1      | Reached XP level 2. HP: 17/23 MP: 5/7
   178 | D:1      | Learned a level 2 spell: Sticks to Snakes
   375 | D:1      | Quit the game

Vault maps used:
D:1:      dpeg_arrival_connections

Action                   || total
-------------------------++-------
Melee: Unarmed           ||    42
       Headbutt          ||     3
       Bite              ||     6
 Cast: Beastly Appendage ||    10
 Stab: Sleeping          ||     1
  Eat: Ration            ||     1
Armor: Robe              ||     7
Dodge: Dodged            ||    40

Table legend:
 A = Spawn XP
 B = Non-spawn XP
 C = Spawn XP percentage of total XP
 D = Spawn monster count
 E = Non-spawn monster count
 F = Spawn count percentage of total count
 G = Total turns spent on level
                    A         B        C        D         E        F      G
               +---------+---------+-------+---------+---------+-------+---------
         Total |       0 |      26 |   0.0 |       0 |      15 |   0.0 |   375
               +---------+---------+-------+---------+---------+-------+---------
           D:1 |       0 |      26 |   0.0 |       0 |      15 |   0.0 |   375
               +---------+---------+-------+---------+---------+-------+---------

Table legend:
 A = Turns spent in this place as a percentage of turns spent in the entire game.
 B = Non-inter-level travel turns spent in this place as a percentage of non-inter-level travel turns spent in the entire game.
 C = Inter-level travel turns spent in this place as a percentage of turns spent in this place.
 D = Turns resting spent in this place as a percentage of non-inter-level travel turns spent in this place.
 E = Turns spent auto-exploring this place as a percentage of non-inter-level travel turns spent in this place.
 F = Non-inter-level travel turns spent in this place divided by the number of levels of this place that you've seen.
                   A       B       C       D       E      F
               +-------+-------+-------+-------+-------+----------------------
         Total | 100.0 | 100.0 |   0.0 |   0.0 |   0.0 | 375.0
       Dungeon | 100.0 | 100.0 |   0.0 |   0.0 |   0.0 | 375.0
               +-------+-------+-------+-------+-------+----------------------

Table legend:
 A = Kills in this place as a percentage of kills in entire the game.
 B = Kills by you in this place as a percentage of kills by you in the entire game.
 C = Kills by friends in this place as a percentage of kills by friends in the entire game.
 D = Other kills in this place as a percentage of other kills in the entire game.
 E = Experience gained in this place as a percentage of experience gained in the entire game.
 F = Experience gained in this place divided by the number of levels of this place that you have seen.
                   A       B       C       D       E      F
               +-------+-------+-------+-------+-------+----------------------
         Total | 100.0 | 100.0 |   N/A |   N/A | 100.0 |  26.0
       Dungeon | 100.0 | 100.0 |   N/A |   N/A | 100.0 |  26.0
               +-------+-------+-------+-------+-------+----------------------

Vault maps used:
D:1:      dpeg_arrival_connections
